[Event "POR-ch 2020"]
[Site "Portimao"]
[Date "2020.09.07"]
[Round "1.1"]
[White "Fernandes, Antonio"]
[Black "Rocha, Sergio"]
[Result "1/2-1/2"]
[ECO "B11"]
[WhiteElo "2359"]
[BlackElo "2341"]
[Annotator "ChessBase"]
[PlyCount "33"]
[EventDate "2020.09.07"]
[EventType "tourn"]
[EventCountry "POR"]
[SourceTitle "playchess.com"]
[Source "ChessBase"]
[SourceQuality "1"]
[TimeControl "5400+30"]

1. e4 c6 2. Nc3 d5 3. Nf3 Bg4 4. h3 Bxf3 5. Qxf3 e6 6. d4 Qb6 7. Bd3 Nf6 8. O-O Nbd7 9. e5 Ng8 10. Ne2 Ne7 11. Be3 Ng6 12. Rfd1 Be7 13. g3 c5 14. c4 dxc4 15. Bxc4 O-O 16. Qe4 cxd4 17. Bxd4 1/2-1/2

[Event "POR-ch 2020"]
[Site "Portimao"]
[Date "2020.09.07"]
[Round "1.2"]
[White "Santos, Antonio P"]
[Black "Reis, Luis Sousa"]
[Result "0-1"]
[ECO "E10"]
[WhiteElo "2160"]
[BlackElo "2154"]
[Annotator "ChessBase"]
[PlyCount "70"]
[EventDate "2020.09.07"]
[EventType "tourn"]
[EventCountry "POR"]
[SourceTitle "playchess.com"]
[Source "ChessBase"]
[SourceQuality "1"]
[TimeControl "5400+30"]

1. d4 Nf6 2. c4 e6 3. Nf3 c5 4. d5 b5 5. Bg5 exd5 6. cxd5 h6 7. Bxf6 Qxf6 8. Qc2 Be7 9. e4 Qb6 10. a4 b4 11. Nbd2 O-O 12. Nc4 Qc7 13. Bd3 d6 14. O-O Nd7 15. Rad1 Ba6 16. Ne3 Bxd3 17. Qxd3 Bf6 18. Nc4 Rfe8 19. Rfe1 Nb6 20. Nxb6 axb6 21. b3 c4 22. bxc4 Bc3 23. Re2 Rxa4 24. Nh4 Ra3 25. Nf5 Be5 26. Qd2 Qxc4 27. f4 Bxf4 28. Qxf4 Qxe2 29. Rf1 Qxe4 30. Qxd6 Qe5 31. Qxb4 Ra1 32. Rxa1 Qxa1+ 33. Kf2 Qf6 34. Qf4 Qb2+ 35. Kg3 Qb3+ 0-1

[Event "POR-ch 2020"]
[Site "Portimao"]
[Date "2020.09.07"]
[Round "1.3"]
[White "Fidalgo, Andre Neves"]
[Black "Dias, Paulo"]
[Result "0-1"]
[ECO "E04"]
[WhiteElo "2268"]
[BlackElo "2341"]
[Annotator "ChessBase"]
[PlyCount "152"]
[EventDate "2020.09.07"]
[EventType "tourn"]
[EventCountry "POR"]
[SourceTitle "playchess.com"]
[Source "ChessBase"]
[SourceQuality "1"]
[TimeControl "5400+30"]

1. d4 Nf6 2. c4 e6 3. g3 d5 4. Nf3 dxc4 5. Bg2 c5 6. O-O Nc6 7. Qa4 Bd7 8. Qxc4 b5 9. Qd3 c4 10. Qd1 Rc8 11. Bg5 Be7 12. Nc3 b4 13. Bxf6 gxf6 14. Ne4 O-O 15. Rc1 Na5 16. d5 exd5 17. Qxd5 f5 18. Neg5 Be6 19. Qe5 Bxg5 20. Nxg5 Qxg5 21. Qxa5 Qd2 22. Qe5 Rfd8 23. Bb7 Rb8 24. Ba6 Qd4 25. Qxd4 Rxd4 26. e3 Rd2 27. Bxc4 Bxc4 28. Rxc4 Rxb2 29. Ra1 Rd8 30. Rd4 Rxd4 31. exd4 Kf8 32. Kg2 Ke7 33. Kf3 Kd6 34. Ke3 Kd5 35. h4 a5 36. h5 h6 37. f3 a4 38. Kd3 Rf2 39. Rb1 Rxf3+ 40. Ke2 Rxg3 41. Rxb4 Ra3 42. Rb6 Kxd4 43. Rxh6 Rxa2+ 44. Kf3 Ke5 45. Ra6 Rh2 46. h6 Rh3+ 47. Kg2 Rh5 48. Kg3 a3 49. Rxa3 Rxh6 50. Ra5+ Kf6 51. Kf4 Rh4+ 52. Kf3 Rc4 53. Rb5 Kg5 54. Ra5 Rc3+ 55. Kf2 Rb3 56. Ra7 f6 57. Ra5 Kg4 58. Ra6 Rb2+ 59. Kf1 Kg5 60. Ra5 Rb6 61. Kf2 Kg4 62. Ra4+ f4 63. Ra3 f5 64. Rc3 Rb2+ 65. Kf1 Rh2 66. Ra3 Rh3 67. Ra8 Rb3 68. Kf2 Rb2+ 69. Kf1 Kg3 70. Rg8+ Kf3 71. Kg1 Rb1+ 72. Kh2 Kf2 73. Rg2+ Ke3 74. Rg8 f3 75. Re8+ Kf4 76. Ra8 f2 0-1

[Event "POR-ch 2020"]
[Site "Portimao"]
[Date "2020.09.07"]
[Round "1.5"]
[White "Diogo, Vasco"]
[Black "Veiga, Jose Francisco R P N"]
[Result "0-1"]
[ECO "C44"]
[WhiteElo "2207"]
[BlackElo "2344"]
[Annotator "ChessBase"]
[PlyCount "66"]
[EventDate "2020.09.07"]
[EventType "tourn"]
[EventCountry "POR"]
[SourceTitle "playchess.com"]
[Source "ChessBase"]
[SourceQuality "1"]
[TimeControl "5400+30"]

1. e4 e5 2. Nf3 Nc6 3. c3 Nf6 4. d4 exd4 5. e5 Nd5 6. Bb5 Be7 7. Nxd4 Nxd4 8. Qxd4 Nb6 9. Bf4 O-O 10. Nd2 f6 11. Bc4+ Kh8 12. Bd3 c5 13. Qe3 f5 14. Bg3 d5 15. exd6 Bxd6 16. Bxd6 Qxd6 17. O-O-O Be6 18. Bb1 Qc6 19. Rhe1 Rae8 20. Qh3 Qa4 21. Re5 Bxa2 22. Bxf5 Bg8 23. Rxe8 Rxe8 24. Qg4 Qa1+ 25. Kc2 Qa2 26. Qf3 Rf8 27. Qe4 h6 28. g4 Nc4 29. Nxc4 Bxc4 30. Qxb7 Qa4+ 31. Kc1 Bb3 32. Qe7 Rxf5 33. Rd8+ Kh7 0-1

[Event "POR-ch 2020"]
[Site "Portimao"]
[Date "2020.09.08"]
[Round "2.1"]
[White "Rocha, Sergio"]
[Black "Veiga, Jose Francisco R P N"]
[Result "1-0"]
[ECO "A48"]
[WhiteElo "2341"]
[BlackElo "2344"]
[Annotator "ChessBase"]
[PlyCount "69"]
[EventDate "2020.09.07"]
[EventType "tourn"]
[EventCountry "POR"]
[SourceTitle "playchess.com"]
[Source "ChessBase"]
[SourceQuality "1"]
[TimeControl "5400+30"]

1. Nf3 Nf6 2. d4 g6 3. e3 Bg7 4. Bd3 O-O 5. b3 d6 6. Bb2 Nbd7 7. Nbd2 e5 8. c4 Re8 9. Bc2 c6 10. Qb1 Qe7 11. b4 e4 12. Ng1 d5 13. b5 dxc4 14. bxc6 bxc6 15. Ne2 Nd5 16. O-O Ba6 17. Re1 f5 18. Qc1 Qb4 19. a4 Rab8 20. Ba3 Qa5 21. Bd6 Rb7 22. g4 c5 23. gxf5 gxf5 24. Ng3 cxd4 25. exd4 N5f6 26. Ndf1 Qd5 27. Qf4 Nf8 28. Ne3 Qe6 29. Nexf5 Ng6 30. Qg5 Rb2 31. Bxe4 c3 32. Nxg7 Kxg7 33. Be5 Kf7 34. Bxf6 Qxf6 35. Bd5+ 1-0

[Event "POR-ch 2020"]
[Site "Portimao"]
[Date "2020.09.08"]
[Round "2.3"]
[White "Dias, Paulo"]
[Black "Martins, Bruno Andre Leite"]
[Result "1/2-1/2"]
[ECO "A81"]
[WhiteElo "2341"]
[BlackElo "2248"]
[Annotator "ChessBase"]
[PlyCount "65"]
[EventDate "2020.09.07"]
[EventType "tourn"]
[EventCountry "POR"]
[SourceTitle "playchess.com"]
[Source "ChessBase"]
[SourceQuality "1"]
[TimeControl "5400+30"]

1. d4 f5 2. g3 Nf6 3. Bg2 d6 4. c3 g6 5. Nd2 Bg7 6. e4 fxe4 7. Nxe4 Nxe4 8. Bxe4 c6 9. h4 O-O 10. h5 d5 11. Bd3 Bf5 12. hxg6 hxg6 13. Bxf5 Rxf5 14. Qg4 Qd6 15. Bf4 Qe6+ 16. Kf1 Nd7 17. Nf3 Nf8 18. Re1 Qf7 19. Kg2 Ne6 20. Bh6 Rf8 21. Re3 c5 22. Bxg7 Nxg7 23. Rh6 cxd4 24. cxd4 Rf6 25. Qh4 Nh5 26. Qg5 Ng7 27. Qh4 Nh5 28. Qg4 Ng7 29. Qh4 Nh5 30. Qg5 Ng7 31. Ne5 Rxf2+ 32. Kh3 Qf5+ 33. Qxf5 1/2-1/2

[Event "POR-ch 2020"]
[Site "Portimao"]
[Date "2020.09.08"]
[Round "2.4"]
[White "Reis, Luis Sousa"]
[Black "Fidalgo, Andre Neves"]
[Result "0-1"]
[ECO "B31"]
[WhiteElo "2154"]
[BlackElo "2268"]
[Annotator "ChessBase"]
[PlyCount "104"]
[EventDate "2020.09.07"]
[EventType "tourn"]
[EventCountry "POR"]
[SourceTitle "playchess.com"]
[Source "ChessBase"]
[SourceQuality "1"]
[TimeControl "5400+30"]

1. Nf3 c5 2. e4 Nc6 3. Bb5 g6 4. O-O Bg7 5. Bxc6 bxc6 6. d3 Nh6 7. Nc3 O-O 8. Be3 d6 9. h3 f5 10. Qd2 Nf7 11. Ng5 Nxg5 12. Bxg5 Rb8 13. Rab1 Rf7 14. Rfe1 Qf8 15. exf5 Bxf5 16. Ne4 e5 17. Be3 Rfb7 18. c4 Rb4 19. b3 a5 20. Qc2 Qd8 21. Bg5 Qc7 22. Bd2 R4b7 23. Nc3 Qf7 24. Ne4 Qc7 25. Nc3 Qd8 26. Ne4 Bf8 27. Bg5 Qc7 28. Nc3 Qf7 29. Na4 Ra8 30. Rbd1 h6 31. Be3 g5 32. Qe2 Qg6 33. f3 Rf7 34. Bc1 Be7 35. Nc3 Raf8 36. Ne4 Be6 37. Bd2 h5 38. Nf2 g4 39. hxg4 hxg4 40. Nxg4 Bxg4 41. fxg4 Bh4 42. g3 Bxg3 43. Qe4 Qg7 44. Rf1 Bf2+ 45. Kg2 d5 46. Qe2 Qg6 47. Be1 Rf4 48. Bxf2 Rxg4+ 49. Qxg4 Qxg4+ 50. Bg3 Qe2+ 51. Kg1 Rf3 52. Bf2 Rxf2 0-1

[Event "POR-ch 2020"]
[Site "Portimao"]
[Date "2020.09.12"]
[Round "7.2"]
[White "Diogo, Vasco"]
[Black "Fidalgo, Andre Neves"]
[Result "0-1"]
[ECO "B30"]
[WhiteElo "2207"]
[BlackElo "2268"]
[Annotator "ChessBase"]
[PlyCount "84"]
[EventDate "2020.09.07"]
[EventType "tourn"]
[EventCountry "POR"]
[SourceTitle "playchess.com"]
[Source "ChessBase"]
[SourceQuality "1"]
[TimeControl "5400+30"]

1. e4 c5 2. Nf3 Nc6 3. d3 g6 4. g3 Bg7 5. Bg2 d6 6. O-O Nf6 7. Re1 O-O 8. c3 e5 9. a3 h6 10. b4 Be6 11. h3 Qd7 12. Kh2 b6 13. Nbd2 Rad8 14. Rb1 Nh7 15. Nf1 f5 16. exf5 gxf5 17. d4 exd4 18. cxd4 Ba2 19. Rb2 Bf7 20. dxc5 dxc5 21. Rd2 Qc8 22. b5 Nd4 23. Nxd4 cxd4 24. Rc2 Qd7 25. Bc6 Qd6 26. Qd3 Ng5 27. Bf4 Qg6 28. Nd2 Ne6 29. Be5 Nc5 30. Qf3 f4 31. Rcc1 fxg3+ 32. Bxg3 Be6 33. Qe2 Qf5 34. Rxc5 Qxh3+ 35. Kg1 bxc5 36. Qxe6+ Qxe6 37. Rxe6 d3 38. Kf1 c4 39. Re7 Bf6 40. Rxa7 c3 41. Nb3 d2 42. Bf3 c2 0-1